 Dungeon Crawl Stone Soup version 0.23.2-40-g277498a001 (webtiles) character file.

Game seed: 18428556939895475543

308 Erlindor the Skirmisher (level 6, 0/52 HPs)
             Began as a Human Fighter on Sept 15, 2019.
             Was an Initiate of the Shining One.
             Succumbed to an orc wizard's poison
             ... on level 4 of the Dungeon.
             The game lasted 00:11:38 (5042 turns).

Erlindor the Skirmisher (Human Fighter)             Turns: 5042, Time: 00:11:38

Health: 0/52       AC:  5    Str: 18    XL:     6   Next: 68%
Magic:  6/6        EV:  7    Int:  9    God:    the Shining One [......]
Gold:   109        SH:  0    Dex: 12    Spells: 5/5 levels left

rFire    . . .     SeeInvis .   a - +0 long sword
rCold    . . .     Gourm    .   c - +0 shield
rNeg     . . .     Faith    .   b - +0 scale mail
rPois    .         Spirit   .   (no helmet)
rElec    .         Reflect  .   (no cloak)
rCorr    .         Harm     .   m - -2 pair of gloves (curse)
MR       .....                  (no boots)
Stlth    ..........             (no amulet)
HPRegen  0.17/turn              (no ring)
MPRegen  0.10/turn              (no ring)

@: confused, lethally poisoned (0 -> -26), glowing, studying Evocations
A: no striking features
a: Renounce Religion


You were on level 4 of the Dungeon.
You worshipped the Shining One.
The Shining One was noncommittal.
You were not hungry.

You visited 1 branch of the dungeon, and saw 4 of its levels.

You collected 109 gold pieces.

Inventory:

Hand Weapons
 a - a +0 long sword (weapon)
Missiles
 i - 152 stones (quivered)
Armour
 b - a +0 scale mail (worn)
 c - a +0 shield (worn)
 m - a cursed -2 pair of gloves (worn)
Scrolls
 g - a scroll of teleportation
 h - a scroll of fear
 o - a scroll of blinking {unknown}
 p - a scroll of random uselessness {unknown}
 q - a scroll of identify
 r - a scroll of remove curse {unknown}
Potions
 d - a potion of might
 e - a potion of degeneration {unknown}
 j - 2 potions of flight {unknown}
 k - 3 potions of curing {unknown}
 l - a potion of agility {unknown}
 n - a potion of invisibility {unknown}
 s - a potion of brilliance {unknown}
Books
 t - a manual of Evocations
Comestibles
 f - 7 rations
 u - 2 chunks of flesh


   Skills:
 * Level 6.0 Fighting
 + Level 4.0 Long Blades
 - Level 3.0 Armour
 - Level 3.0 Shields


You had 5 spell levels left.
You didn't know any spells.
Your spell library was empty.

Dungeon Overview and Level Annotations

Branches:
Dungeon (4/15)             Temple (0/1) D:4

Altars:
Qazlal
Uskayaw
The Shining One

Annotations:
D:2 Crazy Yiuf
D:4 Pikel


Message History

You feel very sick.
You bump into the rock wall.
* * * LOW HITPOINT WARNING * * *
You feel sick.
The orc wizard hits you but does no damage.
You are more poisoned.
Unknown command.
* * * LOW HITPOINT WARNING * * *
You feel sick. The orc wizard closely misses you.
You bump into the rock wall.
* * * LOW HITPOINT WARNING * * *
You feel very sick.
The orc priest calls upon Beogh to heal the orc wizard.
The orc wizard is healed somewhat.
The orc wizard casts a spell at you. The magic dart hits you.
* * * LOW HITPOINT WARNING * * *
You closely miss the orc wizard.
The orc wizard is lightly wounded.
You die...

...(... #.#..#.#
§...≈..
.######.#..#.#
.≈≈#≈..
...........# #
(^§#...
..#.......##.#
.##≈ ..
.............#
.≈ Ko
##.######.####
.. #.# #
#######.#
#.o@....#
.###.###.#######
.......o.#
...>.##### ###


You could see an orc priest and an orc wizard.

Vanquished Creatures
  A slave (D:3)
  A howler monkey (D:3)
  An orc priest (D:3)
  A jelly (D:3)
  An iguana (D:4)
  Natasha (twice) (D:1)
  2 orc wizards (D:4)
  An adder (D:4)
  2 oozes (D:1)
  An adder skeleton (D:4)
  2 worms (D:2)
  2 dart slugs
  A leopard gecko (D:1)
  7 orcs
  2 giant cockroaches
  6 goblins
  3 hobgoblins
  4 jackals (D:1)
  4 kobolds (D:1)
  A quokka (D:4)
  A ball python skeleton (D:4)
  2 frilled lizards (D:1)
  A leopard gecko skeleton (D:4)
  7 rats
56 creatures vanquished.

Notes
Turn   | Place    | Note
-------+----------+-------------------------------------------
     0 | D:1      | Erlindor the Human Fighter began the quest for the Orb.
     0 | D:1      | Reached XP level 1. HP: 18/18 MP: 1/1
   169 | D:1      | Reached XP level 2. HP: 20/24 MP: 2/2
   454 | D:1      | Reached XP level 3. HP: 30/30 MP: 3/3
   990 | D:1      | Reached skill level 4 in Fighting
  1148 | D:2      | Noticed Natasha
  1164 | D:1      | Killed Natasha
  1164 | D:1      | Reached XP level 4. HP: 26/37 MP: 4/4
  1604 | D:1      | Noticed Natasha
  1620 | D:1      | Killed Natasha
  1942 | D:2      | Found a hide-covered altar of Uskayaw.
  1951 | D:2      | Found a glowing golden altar of the Shining One.
  1961 | D:2      | Became a worshipper of the Shining One
  2072 | D:2      | Found a runed translucent door.
  2073 | D:2      | Noticed Crazy Yiuf
  2160 | D:2      | Reached XP level 5. HP: 43/43 MP: 5/5
  2728 | D:3      | Reached skill level 5 in Fighting
  3135 | D:3      | Reached XP level 6. HP: 48/51 MP: 6/6
  3631 | D:2      | Paralysed by Crazy Yiuf for 6 turns
  4440 | D:4      | Found a staircase to the Ecumenical Temple.
  4631 | D:4      | Noticed an ogre
  4824 | D:4      | Found a stormy altar of Qazlal.
  4830 | D:4      | Reached skill level 6 in Fighting
  4865 | D:4      | Noticed a slave
  4865 | D:4      | Noticed a slave
  4866 | D:4      | Noticed a slave
  4866 | D:4      | Noticed a slave
  4867 | D:4      | Noticed Pikel
  4888 | D:3      | Killed a slave
  5042 | D:4      | Succumbed to an orc wizard's poison

Skill      XL: |  1  2  3  4  5  6 |
---------------+-------------------+-----
Fighting       | 4 5 6 |  6.0
Long Blades    | 3 4 |  4.0
Armour         | |  3.0
Shields        | |  3.0

Action                   |  1- 3 |  4- 6 || total
-------------------------+-------+-------++-------
Melee: Long sword        |    87 |   186 ||   273
  Use: Scroll            |       |     2 ||     2
  Eat: Ration            |       |     1 ||     1
       Chunk             |       |    10 ||    10
Armor: Scale mail        |    26 |    55 ||    81
Dodge: Dodged            |    24 |    50 ||    74
Block: Shield            |    39 |    72 ||   111
       Rpst.: Long sword |    11 |    16 ||    27
